 Dungeon Crawl Stone Soup version 0.32-a0-520-g344ed53f66 (webtiles) character file.

Game seed: 18093508542772614051

8320 Aldia the Covert (level 11, -1/63 HPs)
             Began as a Vampire Enchanter on Feb 27, 2024.
             Was a Priest of Kikubaaqudgha.
             Slain by a blizzard demon (8 damage)
             ... in a Gauntlet.
             The game lasted 00:32:55 (9038 turns).

Aldia the Covert (Vampire Enchanter)                Turns: 9038, Time: 00:32:56

Health: -1/63      AC:  6    Str:  7    XL:     11   Next: 8%
Magic:  15/17      EV: 16    Int: 24    God:    Kikubaaqudgha [***...]
Gold:   368        SH:  6    Dex: 19    Spells: 2/19 levels left

rFire   . . .        C - +0 dagger (vamp)
rCold   + + .        A - +0 buckler
rNeg    + + +        O - +1 robe
rPois   ∞            t - +0 helmet
rElec   .            L - +0 cloak
rCorr   .            y - +0 pair of gloves
SInv    +            (no boots)
Will    +....        l - amulet of regeneration
Stlth   +++++++      o - +4 ring of slaying
HPRegen 0.00/turn    j - +6 ring of intelligence
MPRegen 0.15/turn

%: no teleportation
@: mighty, confusing by touch, bloodless, inhibited regen
A: bloodless, fangs 3, see invisible, vampiric 2
a: Bat Form, Revivify, Renounce Religion, Unearth Wretches


You were in a Gauntlet.
You worshipped Kikubaaqudgha.
Kikubaaqudgha was most pleased with you.
You visited 2 branches of the dungeon, and saw 12 of its levels.
You also visited: Gauntlet.

You collected 732 gold pieces.
You spent 364 gold pieces at shops.

Inventory:

Hand Weapons
 e - a +0 long sword of holy wrath
 x - a +5 dagger
 C - a +0 vampiric dagger (weapon)
 I - a +2 dagger of speed
 M - a +2 scimitar of freezing
 P - a +3 falchion of flaming
Armour
 b - a +0 troll leather armour
 s - a +1 leather armour of willpower
 t - a +0 helmet (worn)
 w - a scarf of repulsion
 y - a +0 pair of gloves (worn)
 A - a +0 buckler (worn)
 B - a +3 leather armour
 J - a +0 kite shield
 K - the +0 buckler of the Thirteen Olives {rElec Will++ rCorr Str-3}
   (You found it on level 6 of the Dungeon)

   Str-3:     It affects your strength (-3).
   rElec:     It insulates you from electricity.
   Will++:    It greatly increases your willpower.
   rCorr:     It protects you from acid and corrosion.
 L - a +0 cloak (worn)
 O - a +1 robe (worn)
Jewellery
 a - a ring of magical power
 c - a +6 ring of intelligence
 i - a ring of willpower
 j - a +6 ring of intelligence (right hand)
 l - an amulet of regeneration (around neck)
 o - a +4 ring of slaying (left hand)
 p - a ring of protection from cold
Talismans
 h - a blade talisman
 k - a flux talisman
Wands
 v - a wand of iceblast (3)
 z - a wand of charming (16)
 G - a wand of flame (12)
Scrolls
 d - a scroll of teleportation
 n - a scroll of brand weapon {unknown}
 u - a scroll of fear {unknown}
 F - a scroll of enchant armour {unknown}
 H - a scroll of enchant weapon
 N - a scroll of immolation {unknown}
 S - a scroll of vulnerability {unknown}
Potions
 f - 5 potions of curing
 g - 5 potions of attraction
 m - 2 potions of mutation
 q - a potion of lignification
 r - 5 potions of might
 E - 4 potions of resistance
 Q - a potion of haste
 R - a potion of brilliance
 T - a potion of cancellation
 U - a potion of enlightenment


   Skills:
 - Level 5.0 Fighting
 - Level 8.0 Short Blades
 + Level 7.0 Dodging
 - Level 12.0 Stealth
 - Level 4.0 Shields
 * Level 4.5 Spellcasting
 * Level 8.6 Hexes
 - Level 1.0 Ice Magic
 - Level 8.0 Alchemy


You had 2 spell levels left.
You knew the following spells:

 Your Spells              Type           Power      Damage    Failure   Level
a - Ensorcelled Hibernat  Hex/Ice        56%        N/A       3%          2
b - Confusing Touch       Hex            46%        N/A       1%          3
c - Tukima's Dance        Hex            46%        N/A       1%          3
d - Olgreb's Toxic Radia  Alch           43%        N/A       5%          4
e - Yara's Violent Unrav  Hex/Alch       22%        3d10      13%         5

Your spell library contained the following spells:

 Spells                   Type           Power      Damage    Failure   Level
 Jinxbite                 Hex            92%        N/A       1%          2
 Sting                    Conj/Alch      96%        1d9       2%          1
 Cigotuvi's Dreadful Rot  Necr/Alch/Air  36%        N/A       8%          2
 Apportation              Tloc           10%        N/A       14%         1
 Kiss of Death            Conj/Necr      20%        2d7       14%         1
 Magic Dart               Conj           20%        1d4       14%         1
 Necrotise                Necr           20%        1d5       14%         1
 Summon Small Mammal      Summ           20%        N/A       14%         1
 Blink                    Tloc           10%        N/A       22%         2
 Call Imp                 Summ           10%        N/A       22%         2
 Dazzling Flash           Conj/Hex       52%        N/A       8%          3
 Alistair's Intoxication  Alch           28%        N/A       16%         5
 Anguish                  Hex/Necr       13%        N/A       24%         4
 Fugue of the Fallen      Necr           5%         N/A       41%         3
 Vampiric Draining        Necr           5%         2d6       41%         3
 Summon Mana Viper        Hex/Summ       26%        N/A       56%         5
 Passage of Golubria      Tloc           5%         N/A       82%         4
 Borgnjor's Vile Clutch   Necr/Erth      2%         N/A       99%         5
 Curse of Agony           Necr           5%         N/A       99%         5
 Summon Forest            Summ/Tloc      2%         N/A       99%         5
 Death Channel            Necr           2%         N/A       100%        6
 Summon Cactus Giant      Summ           2%         N/A       100%        6
 Haunt                    Necr/Summ      2%         N/A       100%        7
 Ozocubu's Refrigeration  Ice            5%         4d8       100%        7
 Discord                  Hex            23%        N/A       100%        8
 Borgnjor's Revivificati  Necr           Unusable   N/A       N/A         8
 Death's Door             Necr           Unusable   N/A       N/A         9

Dungeon Overview and Level Annotations

Branches:
Dungeon (11/15)            Temple (1/1) D:4            Lair (0/5) D:10
Gauntlet (1/1)
    Orc: D:9-12

Altars:
Ashenzari
Cheibriados
Dithmenos
Fedhas
Gozag
Hepliaklqana
Kikubaaqudgha
Makhleb
Nemelex Xobeh
Okawaru
Qazlal
Ru
Sif Muna
Trog
Uskayaw
Vehumet
Wu Jian
Xom
Yredelemnul

Shops:
D:10 !

Annotations:
D:7 2 transporters, exclusions: ice statue and oklob plant, Lightli's ghost, novice CoCK
D:9 1 runed translucent door
D:11 Fannar Gauntlet 11 transporters, exclusion: oklob plant


Innate Abilities, Weirdness & Mutations

You do not regenerate when monsters are visible.
You are frail without blood (-20% HP).
You can heal yourself when you bite living creatures.
You are immune to poison.
You have razor-sharp teeth.
You have supernaturally acute eyesight. (SInv)
You are afflicted with vampirism and can become a bat while bloodless.


Message History

You completely miss the white imp.
The white imp is almost dead.
The white imp misses you.
You puncture the white imp!
You kill the white imp!
Kikubaaqudgha accepts your kill.
Casting: Ensorcelled Hibernation (safe; 3% risk of failure)
Confirm with . or Enter, or press ? or * to list all spells.
Your hands begin to glow red.
The blizzard demon hits you! x2
You closely miss the blizzard demon.
You hit the blizzard demon but do no damage.
The blizzard demon hits you but does no damage.
You block the blizzard demon's attack.
You hit the blizzard demon but do no damage.
You bite the blizzard demon, but do no damage.
The blizzard demon gestures at you. The freezing blast engulfs you! You resist.
Unknown command.
You completely miss the blizzard demon.
You are engulfed in freezing vapours.
You resist.
Unknown command.
You hit the blizzard demon but do no damage.
You are engulfed in freezing vapours.
You resist.
The blizzard demon is engulfed in freezing vapours.
The blizzard demon misses you. The blizzard demon hits you!
* * * LOW HITPOINT WARNING * * *
Unknown command.
Okay, then.
You are engulfed in freezing vapours.
You resist.
* * * LOW HITPOINT WARNING * * *
The blizzard demon is engulfed in freezing vapours.
You block the blizzard demon's attack.
The blizzard demon completely misses you.
Unknown command.
You are engulfed in freezing vapours.
You resist.
* * * LOW HITPOINT WARNING * * *
The blizzard demon is engulfed in freezing vapours.
The blizzard demon closely misses you. The blizzard demon hits you!
You die...
Kikubaaqudgha rasps: You have failed me!
Welcome... oblivion!

######...###########..###
....##...#45.......#..#
...#.#...#5..###...#..###
..#..#####)..4#...5#..#ß#
.#...#...#=#..#..#.#..###
#©...#©.©#©.######.#©.#
.#...#...#.#4.#☼○#.#..###
..#..#####=...#°°2○#..#ß#
...#u#...#...###@°○#..###
GGGu##.ß.#.....°...#..#
######...###########..###
......................#ß#
.....................≈###
#######################
ß# #ß# #ß# #ß# #ß# #ß# ##
### ### ### ### ###


You could see a blizzard demon and a white imp (wandering).

Vanquished Creatures
  Maurice (D:7)
  A gargoyle (D:10)
  Psyche (D:8)
  2 trolls
  2 hornets
  Grinder (D:5)
  A vampire (D:10)
  A wyvern (D:9)
  A wraith (D:11)
  12 yaks (D:10)
  A shadow (D:11)
  A steam dragon (D:10)
  An acid dragon (D:8)
  4 water moccasins
  3 sky beasts
  3 ice beasts
  4 orc warriors
  An ogre (D:5)
  A black bear (D:10)
  3 kobold brigands
  4 bullfrogs
  4 scorpions
  6 wights
  3 killer bees (D:8)
  3 howler monkeys (D:8)
  An electric eel (D:7)
  2 jellies
  3 bombardier beetles
  4 hounds
  3 orc priests
  3 iguanas
  A sleepcap (D:6)
  12 orc wizards
  8 adders
  3 white imps
  2 dart slugs
  A ribbon worm (D:2)
  44 orcs
  5 endoplasms
  7 giant cockroaches
  3 goblins
  9 hobgoblins
  2 jackals (D:3)
  19 kobolds
  8 ball pythons
  A bat (D:1)
  A frilled lizard (D:3)
  5 rats
212 creatures vanquished.

Vanquished Creatures (collateral kills)
  A wight (D:7)
  An orc (D:3)
2 creatures vanquished.

Vanquished Creatures (others)
  A yak (D:10)
1 creature vanquished.

Grand Total: 215 creatures vanquished

Notes
Turn   | Place    | Note
-------+----------+-------------------------------------------
     0 | D:1      | Aldia the Vampire Enchanter began the quest for the Orb.
     0 | D:1      | Reached XP level 1. HP: 13/13 MP: 3/3
   174 | D:1      | Reached XP level 2. HP: 15/15 MP: 5/5
   177 | D:1      | Learned a level 2 spell: Ensorcelled Hibernation
   302 | D:1      | Reached skill level 5 in Stealth
   523 | D:1      | Found a faded altar of an unknown god.
   844 | D:1      | Gained mutation: You are afflicted with vampirism and can
                  | become a bat while bloodless. [Vampire growth]
   844 | D:1      | Reached XP level 3. HP: 17/19 MP: 6/6
   920 | D:2      | Learned a level 3 spell: Confusing Touch
  1211 | D:2      | Reached skill level 1 in Ice Magic
  1717 | D:3      | Reached XP level 4. HP: 24/24 MP: 7/7
  1875 | D:3      | Identified the +0 leather armour "Nayciasumn" {rPois rC+
                  | Regen+}
  1933 | D:3      | Reached skill level 6 in Stealth
  1933 | D:3      | Reached skill level 5 in Hexes
  2068 | D:3      | Reached XP level 5. HP: 26/28 MP: 1/8
  2072 | D:3      | Learned a level 3 spell: Tukima's Dance
  2647 | D:4      | Found a transporter.
  2708 | D:4      | Reached skill level 7 in Stealth
  2801 | D:4      | Reached skill level 1 in Shields
  2801 | D:4      | Reached XP level 6. HP: 32/32 MP: 9/9
  3033 | D:4      | Found a staircase to the Ecumenical Temple.
  3047 | Temple   | Entered the Ecumenical Temple
  3061 | Temple   | Became a worshipper of Kikubaaqudgha
  3097 | D:4      | Found a transporter.
  3166 | D:4      | Reached skill level 5 in Short Blades
  3166 | D:4      | Reached skill level 8 in Stealth
  3273 | D:5      | Entered Level 5 of the Dungeon
  3382 | D:5      | Noticed an ice beast
  3388 | D:5      | Killed an ice beast
  3389 | D:5      | Reached XP level 7. HP: 36/36 MP: 9/11
  3558 | D:5      | Noticed Grinder
  3575 | D:5      | Killed Grinder
  3697 | D:5      | Found a hazy altar of Hepliaklqana.
  3698 | D:5      | Found a basalt altar of Yredelemnul.
  4084 | D:6      | Reached XP level 8. HP: 41/41 MP: 6/14
  4089 | D:6      | Learned a level 4 spell: Olgreb's Toxic Radiance
  4237 | D:6      | Reached skill level 1 in Alchemy
  4284 | D:6      | Reached skill level 1 in Fighting
  4759 | D:6      | Identified the +0 buckler of the Thirteen Olives {rElec
                  | Will++ rCorr Str-3}
  4818 | D:6      | Reached * piety under Kikubaaqudgha
  4818 | D:6      | Received a gift from Kikubaaqudgha
  5244 | D:7      | Found a transporter.
  5377 | D:7      | Noticed an ice statue
  5389 | D:7      | Found a transporter.
  5389 | D:7      | Noticed Lightli's ghost (novice CoCK)
  5392 | D:7      | Noticed a troll
  5415 | D:7      | Reached skill level 5 in Alchemy
  5415 | D:7      | Reached XP level 9. HP: 49/49 MP: 11/15
  5635 | D:7      | Noticed Maurice
  5639 | D:7      | Killed Maurice
  5826 | D:7      | Noticed an oklob plant
  6027 | D:7      | Reached ** piety under Kikubaaqudgha
  6086 | D:7      | Reached skill level 5 in Dodging
  6344 | D:8      | Noticed Psyche
  6346 | D:8      | Killed Psyche
  6499 | D:8      | Reached XP level 10. HP: 58/58 MP: 11/16
  6983 | D:9      | Learned a level 5 spell: Yara's Violent Unravelling
  7003 | D:9      | Noticed a sixfirhy
  7004 | D:9      | Found a runed translucent door.
  7117 | D:9      | Reached skill level 5 in Fighting
  7589 | D:10     | Entered Level 10 of the Dungeon
  7698 | D:10     | Reached *** piety under Kikubaaqudgha
  7698 | D:10     | Received a gift from Kikubaaqudgha
  7699 | D:10     | Reached skill level 9 in Stealth
  7817 | D:10     | Found a staircase to the Lair.
  7850 | D:10     | Reached skill level 10 in Stealth
  7878 | D:10     | Noticed a gargoyle
  7902 | D:10     | Killed a gargoyle
  7903 | D:10     | Reached skill level 11 in Stealth
  8109 | D:10     | Found a sparkling altar of Nemelex Xobeh.
  8223 | D:10     | Found Hiuxigoe's Distillery.
  8232 | D:10     | Bought a potion of haste for 130 gold pieces
  8232 | D:10     | Bought a potion of brilliance for 52 gold pieces
  8232 | D:10     | Bought a potion of degeneration for 13 gold pieces
  8232 | D:10     | Bought a potion of cancellation for 104 gold pieces
  8232 | D:10     | Bought a potion of enlightenment for 65 gold pieces
  8647 | D:11     | Noticed Fannar
  8663 | D:10     | Reached XP level 11. HP: 30/63 MP: 3/17
  8757 | D:11     | Reached skill level 12 in Stealth
  8809 | D:11     | Noticed a rakshasa
  8816 | D:11     | Found a gate leading to a gauntlet.
  8826 | Gauntlet | Entered a Gauntlet
  8826 | Gauntlet | Noticed a blizzard demon
  8826 | Gauntlet | Found a transporter.
  8826 | Gauntlet | Found a transporter.
  8826 | Gauntlet | Found a transporter.
  8827 | Gauntlet | Found a transporter.
  8830 | Gauntlet | Found a transporter.
  8837 | Gauntlet | Noticed a green ugly thing
  8838 | Gauntlet | Noticed a necromancer
  8839 | Gauntlet | Noticed a red ugly thing
  8840 | Gauntlet | Found a transporter.
  8840 | Gauntlet | Noticed a great orb of eyes
  8906 | Gauntlet | Found a transporter.
  8918 | Gauntlet | Found a transporter.
  8932 | Gauntlet | Found a transporter.
  8944 | Gauntlet | Found a transporter.
  8951 | Gauntlet | Noticed an oklob plant
  8957 | Gauntlet | Found a transporter.
  8963 | Gauntlet | Found a transporter.
  9038 | Gauntlet | Slain by a blizzard demon

Illustrated notes

Levels and vault maps discovered:
D:1:      minmay_arrival_up_and_down, layout_loops_ring,
          hellmonk_ecumenical_altar_zigzags, chequers_serial_rivers_room_b
D:2:      layout_basic, hangedman_decor_opposing
D:3:      layout_basic, mrwooster_statue_mirror
D:4:      layout_cave_pools, gammafunk_temple_overflow_arena,
          minmay_temple_entry_offerings
D:5:      layout_loops_ring, jmf_multi_god_temple, minmay_misc_feat_iff,
          reono_crystal_passage, hangedman_decor_growths, uniq_grinder
D:6:      layout_basic, minmay_unpleasant_kobolds
D:7:      layout_basic, nzn_ghost_randoct, lightli_minifort, uniq_maurice
D:8:      layout_basic, uniq_psyche
D:9:      cheibrodos_shockbox, layout_loops_ring
D:10:     layout_basic, nemelex_altar_shiori, due_lair_maze_entry_diamond,
          serial_shops, shop
D:11:     layout_layer_cave, portal_ice_cave_rime, gauntlet_entry_generic,
          eino_house_with_fridge, uniq_fannar
Temple:   compressed_dpeg_circular_temple
Gauntlet: gammafunk_gauntlet_shortcut [nicolae_gauntlet_arena_t_cross,
          nicolae_gauntlet_arena_x, gammafunk_gauntlet_arena_grid,
          gammafunk_gauntlet_arena_teeth, nicolae_gauntlet_swirl,
          gammafunk_gauntlet_arena_hedges, gauntlet_exit_watery]

Skill      XL: |  1  2  3  4  5  6  7  8  9 10 11 |
---------------+----------------------------------+-----
Stealth        | 5 6 7 8 11 12 | 12.0
Short Blades   | 2 3 4 5 8 |  8.0
Ice Magic      | 1 |  1.0
Hexes          | 5 8 |  8.6
Shields        | 1 2 3 4 |  4.0
Spellcasting   | 4 |  4.5
Alchemy        | 5 8 |  8.0
Fighting       | 2 4 5 |  5.0
Dodging        | 3 6 7 |  7.0

Action                     |  1- 3 |  4- 6 |  7- 9 | 10-12 || total
---------------------------+-------+-------+-------+-------++-------
  Melee: Dagger            |    96 |    54 |   215 |   103 ||   468
         Bite              |    11 |     6 |    29 |    15 ||    61
   Cast: Ensorcelled Hiber |     7 |    25 |    45 |     7 ||    84
         Confusing Touch   |       |       |     7 |     3 ||    10
         Olgreb's Toxic Ra |       |       |     3 |    10 ||    13
Ability: Exsanguinate      |     1 |       |       |       ||     1
         End Transformatio |       |     1 |       |       ||     1
         Bat Form          |       |     1 |       |       ||     1
  Evoke: Wand              |       |     6 |     5 |     3 ||    14
    Use: Scroll            |     3 |     2 |     1 |     5 ||    11
         Potion            |     1 |       |     4 |     1 ||     6
   Stab: Sleeping          |    23 |    27 |    50 |    16 ||   116
         Invisible         |     3 |       |       |       ||     3
         Distracted        |       |     1 |     2 |       ||     3
         Confused          |       |       |     6 |     3 ||     9
 Armour: Robe              |    27 |    37 |   118 |    40 ||   222
         Leather armour    |    12 |     4 |       |       ||    16
  Dodge: Dodged            |    50 |    33 |   103 |    36 ||   222
         Repelled          |       |       |     4 |       ||     4
  Block: Buckler           |       |     8 |    41 |    19 ||    68

Table legend: (Time is in decaauts)
 A = Elapsed time spent in this place.
 B = Non-inter-level travel time spent in this place.
 C = Inter-level travel time spent in this place.
 D = Time resting spent in this place.
 E = Time spent auto-exploring this place.
 F = Levels seen in this place.
 G = Mean time per level.
                   A        B        C        D        E       F      G
               +--------+--------+--------+--------+--------+-----+--------+
         Total |   8945 |   8585 |    360 |    243 |   6250 |  13 |  688.1 |
       Dungeon |   8707 |   8360 |    347 |    243 |   6090 |  11 |  791.5 |
        Temple |     28 |     15 |     13 |      0 |      0 |   1 |   28.0 |
      Gauntlet |    209 |    209 |      0 |      0 |    160 |   1 |  209.0 |
               +--------+--------+--------+--------+--------+-----+--------+

Top non-repeatable levels by time:
    D:10: 1135 daAuts
     D:6: 958 daAuts
     D:7: 932 daAuts
     D:5: 916 daAuts
     D:1: 912 daAuts
     D:3: 889 daAuts
     D:8: 852 daAuts
     D:4: 758 daAuts
     D:2: 657 daAuts
     D:9: 616 daAuts
Gauntlet: 209 daAuts
    D:11: 78 daAuts
  Temple: 28 daAuts
